 Dungeon Crawl Stone Soup version 0.21-b1-21-g86478ac (webtiles) character file.

121079 Jebus the Earth Mage (level 16, -7/97 HPs)
             Began as a Gargoyle Earth Elementalist on Jan 4, 2018.
             Was the Champion of Vehumet.
             Killed from afar by a merfolk aquamancer (40 damage)
             ... with a ball of steam
             ... on level 2 of the Shoals on Jan 5, 2018.
             The game lasted 01:46:12 (42052 turns).

Jebus the Earth Mage (Gargoyle Earth Elementalist) Turns: 42052, Time: 01:46:12

Health: -7/97      AC: 16    Str: 13    XL:     16   Next: 84%
Magic:  30/40      EV: 18    Int: 22    God:    Vehumet [******]
Gold:   1303       SH:  0    Dex: 14    Spells: 11/37 levels left

rFire    . . .     SeeInvis .   y - staff of energy
rCold    + + .     Gourm    .   (no shield)
rNeg     + . .     Faith    .   e - +1 robe of the Clam {rC++ MR+ Regen+} (curse)
rPois    ∞         Spirit   .   (no helmet)
rElec    +         Reflect  .   x - scarf {cloud immunity}
rCorr    .         Harm     .   m - +0 pair of gloves
MR       ++...                  (no boots)
Stlth    ++........             A - amulet of Symmetry {+Rage Dex+4}
HPRegen  0.66/turn              k - ring of wizardry
MPRegen  0.27/turn              G - ring of magical power

@: flying
A: big wings, negative energy resistance 1, electricity resistance, unbreathing,
petrification resistance, rot immunity, AC +12
a: Stop Flying, Renounce Religion, Evoke Berserk Rage


You were on level 2 of the Shoals.
You worshipped Vehumet.
Vehumet was exalted by your worship.
You were hungry.

You visited 6 branches of the dungeon, and saw 27 of its levels.

You collected 2554 gold pieces.
You spent 1251 gold pieces at shops.

Inventory:

Missiles
 l - 560 stones (quivered)
Armour
 e - the cursed +1 robe of the Clam (worn) {rC++ MR+ Regen+}
   (You bought it in a shop on level 12 of the Dungeon)

   It greatly protects you from cold.
   It affects your resistance to hostile enchantments.
   It increases your rate of regeneration.
   It has a curse placed upon it.
 m - a +0 pair of gloves (worn)
 q - a +2 robe of the Archmagi
 x - a scarf of cloud immunity (worn)
Magical Staves
 b - an uncursed staff of power
 y - an uncursed staff of energy (weapon)
 B - an uncursed staff of earth
Jewellery
 k - a ring of wizardry (left hand)
 A - the amulet of Symmetry (around neck) {+Rage Dex+4}
   (You took it off an orc wizard on level 14 of the Dungeon)

   [amulet of rage]

   It affects your dexterity (+4).
   It lets you go berserk.
 G - a ring of magical power (right hand)
Wands
 c - a wand of acid (15)
 h - a wand of iceblast (20)
 C - a wand of digging (19)
 M - a wand of disintegration (15)
Scrolls
 i - 6 scrolls of amnesia
 j - 3 scrolls of fog
 n - a scroll of brand weapon
 o - 3 scrolls of teleportation
 u - 2 scrolls of identify
 v - 10 scrolls of remove curse
 w - 2 scrolls of holy word
 D - a scroll of vulnerability
 E - a scroll of enchant weapon
 H - 2 scrolls of magic mapping
Potions
 a - 2 potions of haste
 f - 7 potions of lignification
 p - 7 potions of curing
 r - a potion of might
 s - a potion of resistance
 t - 4 potions of brilliance
 z - 3 potions of agility
 N - 3 potions of ambrosia
Comestibles
 d - 34 rations


   Skills:
 - Level 10.2 Fighting
 - Level 14.5 Staves
 - Level 10.0 Dodging
 - Level 2.1 Stealth
 - Level 11.0 Spellcasting
 - Level 6.2 Conjurations
   Level 0.7 Transmutations
 + Level 18.4 Earth Magic
 - Level 5.0 Evocations


You had 11 spell levels left.
You knew the following spells:

 Your Spells              Type           Power        Failure   Level  Hunger
a - Sandblast             Erth           ######       0%          1    None
b - Stone Arrow           Conj/Erth      ######       1%          3    None
c - Lee's Rapid Deconstr  Erth           #######...   1%          5    None
d - Blink                 Tloc           N/A          3%          2    None
e - Iron Shot             Conj/Erth      ######....   1%          6    None
f - Shatter               Erth           #######...   21%         9    None


Dungeon Overview and Level Annotations

Branches:
Dungeon (15/15)            Temple (1/1) D:4            Lair (6/6) D:10
 Shoals (2/4) Lair:2       Spider (1/4) Lair:3        Slime (0/5) Lair:6
    Orc (2/2) D:12            Elf (0/3) Orc:2        Vaults (0/5) D:13
 Depths (0/5) D:15

Altars:
Ashenzari
Cheibriados
Dithmenos
Elyvilon
Fedhas
Gozag
Hepliaklqana
Kikubaaqudgha
Makhleb
Nemelex Xobeh
Okawaru
Qazlal
Ru
Sif Muna
Trog
Uskayaw
Vehumet
Wu Jian
Xom
Yredelemnul
Zin
The Shining One

Shops:
D:7 ?   D:11 *   D:12 [   Orc:2 [*}?

Portals:
Pandemonium: Orc:2

Annotations:
D:6 maximusg's ghost, novice MiBe
Lair:6 exclusion: 2 oklob plants


Innate Abilities, Weirdness & Mutations

You are resistant to torment.
Your stone body is resilient. (AC +12)
You are immune to poison.
Your large and strong wings let you fly indefinitely.
You resist negative energy. (rN+)
You are resistant to electric shocks. (rElec)
You can survive without breathing.
You are immune to petrification.
You are immune to rotting.


Message History

You destroy the water elemental!
Vehumet accepts your kill.
You kill the merfolk!
Vehumet accepts your kill.
You feel your power returning.
Ka-crash!
The water engulfing you falls away.
The merfolk aquamancer casts a spell at you.
The shard of ice hits you! You partially resist.
Unknown command.
Casting: Shatter
Confirm with . or Enter, or press ? or * to list all spells.
Aiming: Stone Arrow
Press: ? - help, Shift-Dir - straight line, f - merfolk aquamancer
Aim: a merfolk aquamancer, wielding a rapier and wearing a robe (severely wounded)
The stone arrow hits the merfolk aquamancer.
The merfolk aquamancer is almost dead.
The merfolk aquamancer casts a spell at you.
The ball of steam hits you!
You die...

##..≈≈≈≈..≈≈≈≈≈≈≈≈≈
≈≈≈≈≈≈≈
.............≈≈≈≈≈≈≈≈≈≈≈
≈≈≈≈≈≈≈
...####........≈≈≈≈≈≈≈≈≈
≈≈≈≈≈≈≈ ≈.##
##..........≈≈≈≈≈≈
≈≈≈≈≈≈≈ ≈..#
##......##..≈≈≈≈≈
≈≈≈≈≈≈≈ ≈..# #.....#
.≈≈≈≈≈≈ ≈≈≈≈≈≈≈ ≈≈..#
##....#.≈≈≈≈≈≈ ≈≈≈≈≈≈≈
≈≈≈...# ###.≈....≈≈≈≈≈≈
≈≈≈..≈≈ ≈≈≈≈≈..#
#...≈.m@≈≈≈≈≈≈≈ ≈≈###.≈
≈≈≈≈..........)..≈≈≈≈≈≈≈
.##..
≈≈≈≈.......≈.##...≈≈≈.≈≈
≈≈≈.....
≈≈≈≈≈......≈.#.#..>.....
≈≈≈..###
≈≈≈≈≈......≈..#.......#.
≈≈≈..###
≈.........#....≈≈...
≈≈≈..... ≈........
...≈≈≈≈.. ≈≈≈≈≈...
≈≈....... ..≈≈≈≈≈≈≈≈
≈≈≈≈≈... ≈≈≈≈≈≈..


You could see a merfolk aquamancer.

Vanquished Creatures
  Kirke (Shoals:1)
  A kraken (Shoals:1)
  A tengu reaver (D:12)
  Nessos (D:12)
  2 merfolk javelineers (Shoals:2)
  An ettin (D:12)
  2 merfolk impalers (Shoals:1)
  A great orb of eyes (D:12)
  Erolcha (D:11)
  A vault guard (D:13)
  The ghost of dualclasshuman the Fighter, a journeyman GnWn of Jiyva (Lair:1)
  7 hydras
  A death knight (D:15)
  3 centaur warriors
  2 ogre magi (D:15)
  11 two-headed ogres
  4 merfolk avatars
  A satyr (Shoals:2)
  2 deep troll earth magi (D:12)
  A death yak (Lair:5)
  3 tengu warriors
  Urug (Lair:5)
  7 orc high priests
  Sonja (Lair:3)
  The ghost of Sweeb the Shield-Bearer, a novice DsFi of Okawaru (D:8)
  5 sea snakes
  A swamp dragon (shapeshifter) (D:14)
  2 gelid demonspawn (Orc:2)
  A torturous demonspawn (Orc:2)
  2 wizards
  The ghost of Cervance the Grappler, a novice TrTm (D:7)
  A wolf spider zombie (D:15)
  5 orc knights
  An orb spider (Spider:1)
  7 orc sorcerers
  7 manticores
  11 ugly things
  14 fauns
  An oklob plant (Shoals:1)
  3 cyclopes
  A black mamba (Lair:5)
  5 centaur skeletons
  5 merfolk sirens
  A rust devil (Orc:2)
  A smoke demon (Orc:2)
  13 spiny frogs
  6 komodo dragons
  2 freezing wraiths
  A demonic crawler (Lair:3)
  3 rime drakes
  A redback zombie (D:15)
  A hellwing (Orc:2)
  A queen bee (D:9)
  18 merfolk
  2 jumping spiders (Lair:3)
  A wind drake (Shoals:1)
  A hornet (D:10)
  3 trolls
  A dream sheep (Lair:5)
  8 hippogriffs
  4 snapping turtles
  8 blink frogs
  Sigmund (D:3)
  A centaur simulacrum (D:15)
  4 tarantellas (Lair:3)
  A shadow (D:12)
  5 redbacks (Lair:3)
  6 water elementals
  6 wyverns
  A hog (shapeshifter) (D:14)
  2 wraiths
  35 yaks
  4 hungry ghosts
  A vampire (D:15)
  22 humans (D:13)
  A chaos spawn (Orc:2)
  2 hogs (Shoals:1)
  3 basilisks
  Grum (Lair:1)
  A warg (D:12)
  10 vampire mosquitoes
  An acid dragon (D:13)
  7 water moccasins
  10 porcupines
  A meliai simulacrum (D:15)
  2 black bears
  34 orc warriors
  9 ice beasts
  2 sky beasts
  3 phantoms
  34 wolves
  A necrophage (D:6)
  14 centaurs
  14 ogres
  11 crocodiles
  A big kobold (D:8)
  21 bullfrogs
  A water moccasin zombie (D:11)
  A wyvern skeleton (D:10)
  5 scorpions
  22 killer bees
  9 wights
  An electric eel (Lair:5)
  9 howler monkeys
  9 crimson imps
  A bullfrog zombie (D:13)
  4 centaur zombies
  7 hounds
  2 bullfrog skeletons
  4 jellies
  23 orc priests
  17 orc wizards
  Crazy Yiuf (D:5)
  Ijyb (D:5)
  7 iguanas
  9 worker ants
  A hell rat (Lair:5)
  3 hound zombies
  A hound skeleton (D:8)
  2 worker ant zombies
  3 gnolls (D:8)
  10 adders
  2 howler monkey skeletons (D:10)
  6 shadow imps
  An adder zombie (D:7)
  An adder skeleton (D:4)
  2 worms (D:3)
  2 dart slugs (D:4)
  5 leopard geckos
  87 orcs
  5 ball pythons
  A giant cockroach (D:4)
  6 goblins
  6 hobgoblins
  6 quokkas
  10 bats
  5 frilled lizards
  14 kobolds
  A leopard gecko skeleton (D:4)
  A leopard gecko zombie (D:5)
  A quokka skeleton (D:9)
  8 rats
  A fungus (Lair:1)
  13 plants
  2 tentacles (Shoals:1)
818 creatures vanquished.

Vanquished Creatures (others)
  A wizard (D:4)
  A merfolk siren (Shoals:1)
  2 bushes (D:15)
  3 fungi
  25 plants
  44 tentacles (Shoals:1)
76 creatures vanquished.

Grand Total: 894 creatures vanquished

Notes
Turn   | Place    | Note
-------+----------+-------------------------------------------
     0 | D:1      | Jebus the Gargoyle Earth Elementalist began the quest for the Orb.
     0 | D:1      | Reached XP level 1. HP: 10/10 MP: 3/3
    80 | D:1      | Reached skill level 4 in Earth Magic
   298 | D:1      | Reached XP level 2. HP: 15/15 MP: 1/5
  1108 | D:2      | Found a bloodstained altar of Trog.
  1279 | D:2      | Reached skill level 5 in Earth Magic
  1279 | D:2      | Reached XP level 3. HP: 18/19 MP: 3/6
  1312 | D:2      | Learned a level 3 spell: Stone Arrow
  1731 | D:2      | Reached XP level 4. HP: 24/24 MP: 4/7
  1948 | D:3      | Reached skill level 6 in Earth Magic
  2277 | D:3      | Noticed Sigmund
  2283 | D:3      | Killed Sigmund
  2283 | D:3      | Reached skill level 7 in Earth Magic
  2283 | D:3      | Reached XP level 5. HP: 26/28 MP: 0/8
  2283 | D:3      | Reached XP level 6. HP: 30/32 MP: 0/9
  2367 | D:3      | Learned a level 5 spell: Lee's Rapid Deconstruction
  2454 | D:3      | Reached skill level 8 in Earth Magic
  2496 | D:3      | Found a faded altar of an unknown god.
  3229 | D:4      | Reached skill level 9 in Earth Magic
  3349 | D:4      | Reached XP level 7. HP: 36/36 MP: 8/10
  3380 | D:4      | Found a bloodstained altar of Trog.
  3537 | D:4      | Noticed a wizard
  3539 | D:4      | Killed a wizard
  3885 | D:4      | Found a staircase to the Ecumenical Temple.
  3893 | Temple   | Entered the Ecumenical Temple
  3975 | Temple   | Became a worshipper of Vehumet
  4342 | D:5      | Entered Level 5 of the Dungeon
  4370 | D:5      | Reached skill level 10 in Earth Magic
  4668 | D:5      | Found a runed door.
  4712 | D:5      | Reached XP level 8. HP: 41/41 MP: 4/13
  5055 | D:5      | Reached skill level 1 in Conjurations
  5075 | D:5      | Noticed Ijyb
  5080 | D:5      | Got a transparent whip
  5085 | D:5      | Killed Ijyb
  5155 | D:5      | Identified the cursed +0 whip "Embalmer" {slash, rC++ rN+++ Int-2} (You found it on level 5 of the Dungeon)
  5218 | D:6      | Reached * piety under Vehumet
  5218 | D:6      | Offered knowledge of Freeze by Vehumet.
  5421 | D:6      | Reached skill level 5 in Conjurations
  5535 | D:6      | Noticed maximusg's ghost (novice MiBe)
  5661 | D:6      | Found a hide-covered altar of Uskayaw.
  5819 | D:6      | Reached XP level 9. HP: 49/49 MP: 10/15
  6038 | D:6      | Reached skill level 5 in Fighting
  6100 | D:6      | Found a basalt altar of Yredelemnul.
  6673 | D:5      | Noticed Crazy Yiuf
  6675 | D:5      | Killed Crazy Yiuf
  6840 | D:6      | Offered knowledge of Throw Flame by Vehumet.
  6970 | D:7      | Reached ** piety under Vehumet
  7008 | D:7      | Found Ykhlimyth's Magic Scroll Shoppe.
  7021 | D:7      | Bought a scroll of teleportation for 42 gold pieces
  7021 | D:7      | Bought a scroll of teleportation for 42 gold pieces
  7021 | D:7      | Bought a scroll of remove curse for 42 gold pieces
  7021 | D:7      | Bought a scroll of remove curse for 42 gold pieces
  7021 | D:7      | Bought a scroll of remove curse for 42 gold pieces
  7021 | D:7      | Bought a scroll of remove curse for 42 gold pieces
  7073 | D:7      | Noticed Cervance's ghost (novice TrTm)
  7078 | D:7      | Killed Cervance's ghost
  7560 | D:7      | Reached XP level 10. HP: 66/66 MP: 13/16
  7867 | D:8      | Reached skill level 10 in Fighting
  8045 | D:8      | Offered knowledge of Searing Ray by Vehumet.
  8151 | D:8      | Noticed Sweeb's ghost (novice DsFi)
  8476 | D:8      | Reached skill level 11 in Earth Magic
  8734 | D:8      | Identified a scroll of acquirement
  8958 | D:8      | Found a sacrificial altar of Ru.
  9077 | D:8      | Killed Sweeb's ghost
  9077 | D:8      | Reached skill level 5 in Spellcasting
  9237 | D:8      | Reached *** piety under Vehumet
  9811 | D:9      | Noticed a two-headed ogre
  9826 | D:9      | Killed a two-headed ogre
  9826 | D:9      | Reached XP level 11. HP: 66/72 MP: 23/23
  9828 | D:9      | Offered knowledge of Conjure Flame by Vehumet.
  9948 | D:9      | Reached skill level 1 in Evocations
 11188 | D:9      | Reached **** piety under Vehumet
 11280 | D:9      | Offered knowledge of Bolt of Magma by Vehumet.
 11530 | D:10     | Entered Level 10 of the Dungeon
 11779 | D:10     | Reached skill level 5 in Evocations
 11799 | D:10     | Learned a level 2 spell: Blink
 12061 | D:10     | Noticed a two-headed ogre
 12066 | D:10     | Killed a two-headed ogre
 12066 | D:10     | Reached skill level 12 in Earth Magic
 12075 | D:10     | Found a staircase to the Lair.
 12737 | D:10     | Reached skill level 13 in Earth Magic
 13328 | Lair:1   | Entered Level 1 of the Lair of Beasts
 13332 | Lair:1   | Reached skill level 1 in Staves
 13767 | Lair:1   | Noticed Grum
 13772 | Lair:1   | Reached XP level 12. HP: 77/77 MP: 12/24
 13784 | Lair:1   | Killed Grum
 14027 | Lair:1   | Reached skill level 5 in Staves
 14820 | Lair:1   | Noticed dualclasshuman's ghost (journeyman GnWn)
 15073 | Lair:2   | Found a staircase to the Shoals.
 15154 | Lair:2   | Noticed a six-headed hydra
 15631 | Lair:2   | Reached ***** piety under Vehumet
 15769 | Lair:2   | Killed a six-headed hydra
 16020 | Lair:2   | Offered knowledge of Conjure Ball Lightning by Vehumet.
 16885 | Lair:3   | Noticed Sonja
 16889 | Lair:3   | Killed Sonja
 17673 | Lair:3   | Reached skill level 10 in Staves
 17836 | Lair:3   | Found a hole to the Spider Nest.
 18435 | Lair:4   | Reached XP level 13. HP: 82/82 MP: 2/25
 20517 | Lair:5   | Noticed Urug
 20733 | Lair:5   | Killed Urug
 22825 | Lair:6   | Entered Level 6 of the Lair of Beasts
 23335 | Lair:6   | Found a staircase to the Slime Pits.
 23642 | Lair:6   | Offered knowledge of Freezing Cloud by Vehumet.
 24801 | Lair:1   | Killed dualclasshuman's ghost
 25076 | D:11     | Found an ancient bone altar of Kikubaaqudgha.
 25175 | D:11     | Found Rymiq's Assorted Antiques.
 25183 | D:11     | Bought a scroll of identify for 50 gold pieces
 25505 | D:11     | Noticed Erolcha
 25513 | D:11     | Killed Erolcha
 25513 | D:11     | Gained mutation: Your large and strong wings let you fly indefinitely. [Gargoyle growth]
 25513 | D:11     | Reached XP level 14. HP: 88/88 MP: 14/26
 25958 | D:11     | Learned a level 6 spell: Iron Shot
 26253 | D:12     | Learned a level 9 spell: Shatter
 26474 | D:12     | Found a staircase to the Orcish Mines.
 26703 | D:12     | Reached skill level 14 in Earth Magic
 26995 | D:12     | Noticed Nessos
 26996 | D:12     | Paralysed by a great orb of eyes for 5 turns
 27001 | D:12     | Noticed a tengu reaver
 27007 | D:12     | Killed a tengu reaver
 27633 | D:12     | Killed Nessos
 27942 | D:12     | Found a shimmering altar of Xom.
 27980 | D:12     | Found Hiebb's Armour Shop.
 27985 | D:12     | Bought the cursed +1 robe of the Clam {rC++ MR+ Regen+} for 459 gold pieces
 29028 | D:13     | Reached skill level 15 in Earth Magic
 29360 | D:13     | Found a gate to the Vaults.
 29865 | D:14     | Reached skill level 16 in Earth Magic
 30122 | D:14     | Got a clouded crystal amulet
 30454 | D:14     | Identified the amulet of Symmetry {+Rage Dex+4} (You took it off an orc wizard on level 14 of the Dungeon)
 30674 | D:14     | Reached XP level 15. HP: 91/92 MP: 17/28
 30884 | D:15     | Entered Level 15 of the Dungeon
 30937 | D:15     | Reached skill level 5 in Dodging
 31597 | D:15     | Found a staircase to the Depths.
 31731 | D:15     | Reached ****** piety under Vehumet
 31755 | D:14     | Offered knowledge of Poison Arrow by Vehumet.
 32379 | D:15     | Paralysed by an ogre mage for 5 turns
 33227 | Orc:1    | Entered Level 1 of the Orcish Mines
 33679 | Orc:2    | Entered Level 2 of the Orcish Mines
 33680 | Orc:2    | Found a radiant altar of Vehumet.
 33690 | Orc:2    | Found a staircase to the Elven Halls.
 34561 | Orc:2    | Found Tichuet's Magic Scroll Shoppe.
 34564 | Orc:2    | Found Beuhij's General Store.
 34747 | Orc:2    | Offered knowledge of Fireball by Vehumet.
 34931 | Orc:2    | Bought a potion of curing for 36 gold pieces
 34931 | Orc:2    | Bought a scroll of fear for 42 gold pieces
 34933 | Orc:2    | Bought a scroll of brand weapon for 300 gold pieces
 34933 | Orc:2    | Bought a scroll of vulnerability for 112 gold pieces
 35656 | Orc:2    | Reached XP level 16. HP: 97/97 MP: 24/29
 35712 | Orc:2    | Found Ewourilu's Antique Armour Boutique.
 35712 | Orc:2    | Found Potiol's Gadget Shop.
 35713 | Orc:2    | Found a one-way gate leading to the halls of Pandemonium.
 35739 | Orc:2    | Reached skill level 10 in Dodging
 37195 | Spider:1 | Entered Level 1 of the Spider Nest
 37493 | Shoals:1 | Entered Level 1 of the Shoals
 37647 | Shoals:1 | Noticed a kraken
 37808 | Shoals:1 | Found a burning altar of Makhleb.
 38357 | Shoals:1 | Killed a kraken
 38357 | Shoals:1 | Reached skill level 17 in Earth Magic
 39143 | Shoals:1 | Noticed Kirke
 39593 | Shoals:1 | Noticed a sphinx
 39593 | Shoals:1 | Paralysed by a sphinx for 2 turns
 39604 | Shoals:1 | Killed Kirke
 39972 | Shoals:2 | Reached skill level 18 in Earth Magic
 40153 | Shoals:2 | Offered knowledge of Bolt of Cold by Vehumet.
 40265 | Shoals:2 | Reached skill level 10 in Spellcasting
 42052 | Shoals:2 | Killed from afar by a merfolk aquamancer

Skill      XL: |  1  2  3  4  5  6  7  8  9 10 11 12 13 14 15 16 |
---------------+-------------------------------------------------+-----
Earth Magic    | 4 5 7 9 10 11 13 16 18 | 18.4
Spellcasting   | 3 4 8 9 11 | 11.0
Conjurations   | 6 |  6.2
Fighting       | 2 9 10 | 10.2
Evocations     | 5 |  5.0
Staves         | 3 10 14 | 14.5
Dodging        | 2 9 10 | 10.0
Stealth        | |  2.1
Transmutations | |  0.7

Action                   |  1- 3 |  4- 6 |  7- 9 | 10-12 | 13-15 | 16-18 || total
-------------------------+-------+-------+-------+-------+-------+-------++-------
Melee: Unarmed           |    77 |    60 |    64 |       |       |       ||   201
       Staff             |       |       |       |    30 |   149 |    35 ||   214
 Cast: Sandblast         |    33 |    32 |   100 |    47 |    19 |       ||   231
       Stone Arrow       |       |     1 |    17 |   436 |   682 |   316 ||  1452
       Lee's Rapid Decon |       |       |     8 |    10 |    96 |    28 ||   142
       Blink             |       |       |       |       |    15 |       ||    15
       Iron Shot         |       |       |       |       |       |     5 ||     5
       Shatter           |       |       |       |       |       |     5 ||     5
 Abil: Fly               |       |       |       |       |     1 |       ||     1
Evoke: Wand              |       |     1 |     5 |    11 |     9 |     2 ||    28
  Use: Scroll            |       |     4 |    12 |    11 |    19 |     1 ||    47
       Potion            |       |       |       |     1 |     3 |     5 ||     9
 Stab: Sleeping          |     1 |     2 |     2 |       |     1 |       ||     6
  Eat: Ration            |     1 |       |     1 |     3 |    10 |     4 ||    19
       Chunk             |       |     4 |    16 |    30 |    38 |    16 ||   104
Armor: Robe              |    36 |    35 |    44 |   128 |   172 |   109 ||   524
       Skin              |       |       |       |    24 |     7 |       ||    31
Dodge: Dodged            |    65 |    49 |    66 |   175 |   311 |   263 ||   929
